 Dungeon Crawl Stone Soup version 0.30-a0-989-g0d87f670db (webtiles) character file.

Game seed: 2938974761196034561

315 Pimp the Covered (level 6, -2/55 HPs)
             Began as a Barachi Fighter on Apr 3, 2023.
             Slain by a killer bee (4 damage)
             ... on level 5 of the Dungeon.
             The game lasted 00:06:41 (3285 turns).

Pimp the Covered (Barachi Fighter)                  Turns: 3285, Time: 00:06:44

Health: -2/55      AC:  7    Str: 17    XL:     6   Next: 44%
Magic:  7/7        EV:  9    Int: 11    God:
Gold:   204        SH:  5    Dex: 11    Spells: 5/7 levels left

rFire   . . .      SeeInvis .    i - +1 hand axe (venom)
rCold   . . .      Faith    .    c - +0 buckler
rNeg    . . .      Spirit   .    b - +0 scale mail
rPois   .          Reflect  .    (no helmet)
rElec   .          Rampage  .    (no cloak)
rCorr   .                        (no gloves)
Will    .....                    (no boots) Stlth
                                 (no amulet)
HPRegen 1.09/turn                (no ring)
MPRegen 0.10/turn                (no ring)

@: lethally poisoned (-2 -> -4), silenced, slow
A: amphibious, slowness 1, strong legs 1, +LOS, regeneration 1, robust 1, no
potion heal 1
a: Hop


You were on level 5 of the Dungeon.
You visited 1 branch of the dungeon, and saw 5 of its levels.

You collected 204 gold pieces.

Inventory:

Hand Weapons
 a - a +0 war axe
 i - a +1 hand axe of venom (weapon)
Missiles
 f - 3 boomerangs of dispersal
 g - 8 poisoned darts
Armour
 b - a +0 scale mail (worn)
 c - a +0 buckler (worn)
Jewellery
 m - a ring of magical power
 r - a +4 ring of protection
 t - a ring of resist corrosion
Wands
 j - a wand of mindburst (12)
 x - a wand of quicksilver (9)
Scrolls
 e - 2 scrolls of teleportation
 o - a scroll of enchant weapon
 s - 5 scrolls of identify
 u - a scroll of fear
Potions
 d - a potion of might
 h - a potion of invisibility {unknown}
 k - a potion of heal wounds {unknown}
 n - a potion of lignification {unknown}
 p - a potion of ambrosia {unknown}
 q - a potion of mutation
 v - a potion of haste {unknown}


   Skills:
 + Level 4.8 Fighting
 + Level 3.6 Axes
 + Level 4.9 Armour
 + Level 1.3 Dodging
 + Level 4.5 Shields
 + Level 1.0 Spellcasting
 + Level 1.2 Air Magic
 + Level 1.1 Poison Magic


You had 5 spell levels left.
You knew the following spells:

 Your Spells              Type           Power      Damage    Failure   Level
a - Poisonous Vapours     Pois/Air       6%         N/A       75%         2

Your spell library contained the following spells:

 Spells                   Type           Power      Damage    Failure   Level
 Apportation              Tloc           0%         N/A       78%         1
 Magic Dart               Conj           0%         1d3       78%         1
 Necrotise                Necr           0%         1d4       78%         1
 Summon Small Mammal      Summ           0%         N/A       78%         1
 Cigotuvi's Dreadful Rot  Necr/Pois/Air  4%         N/A       80%         2
 Scorch                   Fire           0%         2d5       89%         2
 Searing Ray              Conj           0%         2d4       89%         2
 Mephitic Cloud           Conj/Pois/Air  2%         N/A       95%         3
 Dazzling Flash           Conj/Hex       0%         N/A       98%         3
 Portal Projectile        Hex/Tloc       0%         N/A       98%         3
 Summon Guardian Golem    Hex/Summ       0%         N/A       98%         3
 Fulminant Prism          Conj/Hex       0%         3d5       100%        4
 Iskenderun's Mystic Bla  Conj/Tloc      0%         2d3       100%        4
 Starburst                Conj/Fire      0%         6d3       100%        6
 Orb of Destruction       Conj           0%         9d5       100%        7
 Spellforged Servitor     Conj/Summ      0%         N/A       100%        7


Dungeon Overview and Level Annotations

Branches:
Dungeon (5/15)
 Temple: D:4-7

Altars:
Dithmenos

Shops:
D:2 ?


Innate Abilities, Weirdness & Mutations

You are amphibious.
You cover ground slowly.
You can hop short distances.
You have an extended range of vision and can be seen from far away.
Your natural rate of healing is unusually fast.
You are robust. (+10% HP)
Potions are less effective at restoring your health.


Message History

The killer bee poisons you! The killer bee misses you.
The killer bee closely misses you.
The killer bee stings you but does no damage.
The killer bee stings you.
* * * LOW HITPOINT WARNING * * *
The killer bee barely misses you.
You feel better. The killer bee stings you.
* * * LOW HITPOINT WARNING * * *
The killer bee stings you but does no damage.
The killer bee stings you.
* * * LOW HITPOINT WARNING * * *
The killer bee stings you but does no damage.
The killer bee stings you.
* * * LOW HITPOINT WARNING * * *
You are lethally poisoned!
The killer bee poisons you! The killer bee barely misses you.
The killer bee stings you.
* * * LOW HITPOINT WARNING * * *
The killer bee stings you but does no damage.
The killer bee closely misses you.
The killer bee stings you but does no damage.
Magic scrolls do not work when you're silenced!
You feel better.
The killer bee stings you but does no damage.
The killer bee barely misses you. The killer bee stings you.
* * * LOW HITPOINT WARNING * * *
You block the killer bee's attack. The killer bee barely misses you.
The killer bee stings you.
* * * LOW HITPOINT WARNING * * *
You are lethally poisoned!
The killer bee poisons you! The killer bee barely misses you.
The killer bee stings you but does no damage.
The killer bee closely misses you. x2
It was a potion of mutation.
You feel extremely strange.
You begin to heal more quickly.
Your system partially rejects the healing effects of potions.
You feel robust.
* * * LOW HITPOINT WARNING * * *
You feel sick. The killer bee stings you.
You die...

... ... #..... ..#
#....###..####+# .
#....#......... ..
#....#>...... ...
#....#.....#
....####....#.yy..#
............#y@y..#
............#.y...#
............'.....+
........<...#..##.#
....#########..# ##
. ....# ....#
.....# .....#


You could see 5 killer bees.

Vanquished Creatures
  2 scorpions (D:4)
  An orc priest (D:4)
  Jessica (D:2)
  An iguana (D:4)
  5 adders
  A worm (D:3)
  A dart slug (D:2)
  3 orcs (D:4)
  7 ball pythons
  7 bats
  10 endoplasms
  3 goblins
  6 hobgoblins
  3 jackals (D:4)
  10 kobolds
  A quokka (D:4)
  6 frilled lizards
68 creatures vanquished.

Notes
Turn   | Place    | Note
-------+----------+-------------------------------------------
     0 | D:1      | Pimp the Barachi Fighter began the quest for the Orb.
     0 | D:1      | Reached XP level 1. HP: 18/18 MP: 1/1
     5 | D:1      | Noticed an elephant
    75 | D:1      | Reached XP level 2. HP: 6/25 MP: 2/2
   535 | D:1      | Noticed a five-headed hydra
   793 | D:2      | Noticed Jessica
   812 | D:2      | Reached XP level 3. HP: 15/30 MP: 3/3
   813 | D:2      | Killed Jessica
   931 | D:2      | Found Xaalaceg's Magic Scroll Shop.
  1126 | D:2      | Reached XP level 4. HP: 37/37 MP: 4/4
  1260 | D:2      | Found a faded altar of an unknown god.
  2010 | D:3      | Reached XP level 5. HP: 38/43 MP: 5/5
  2013 | D:3      | Learned a level 2 spell: Poisonous Vapours
  2073 | D:3      | Found a shadowy altar of Dithmenos.
  2550 | D:4      | Reached skill level 1 in Dodging
  2550 | D:4      | Reached skill level 1 in Air Magic
  2617 | D:4      | Got the Vademecum on the Fiery Wyrd
  2627 | D:4      | Reached skill level 1 in Poison Magic
  2627 | D:4      | Reached XP level 6. HP: 49/50 MP: 5/7
  2889 | D:4      | Reached skill level 1 in Spellcasting
  3273 | D:5      | Entered Level 5 of the Dungeon
  3283 | D:5      | HP: 1/50 [killer bee (2)]
  3285 | D:5      | Gained mutation: Your natural rate of healing is unusually
                  | fast. [potion of mutation]
  3285 | D:5      | Gained mutation: Potions are less effective at restoring
                  | your health. [potion of mutation]
  3285 | D:5      | Gained mutation: You are robust. (+10% HP) [potion of
                  | mutation]
  3285 | D:5      | Slain by a killer bee

Illustrated notes

Levels and vault maps discovered:
D:1:      sevenhm_arrival_forest_fort_small_2, layout_basic,
          nicolae_eternal_life
D:2:      layout_loops_ring, serial_shops, nicolae_diamond_shop,
          shapermc_ecumenical_altar_mp_vishouse, uniq_jessica
D:3:      layout_basic, mainiacjoe_overflow_catwalk
D:4:      layout_basic
D:5:      layout_gridville, minmay_temple_entry_tees

Skill      XL: |  1  2  3  4  5  6 |
---------------+-------------------+-----
Armour         | 4 |  4.9
Fighting       | 4 |  4.8
Axes           | 3 |  3.6
Shields        | 4 |  4.5
Dodging        | 1 |  1.3
Air Magic      | 1 |  1.2
Poison Magic   | 1 |  1.1
Spellcasting   | 1 |  1.0

Action                     |  1- 3 |  4- 6 || total
---------------------------+-------+-------++-------
  Melee: War axe           |    12 |       ||    12
         Hand axe          |    54 |   106 ||   160
    Use: Scroll            |     4 |     4 ||     8
         Potion            |       |     4 ||     4
 Armour: Scale mail        |    33 |    55 ||    88
  Dodge: Dodged            |    40 |    63 ||   103
  Block: Buckler           |    25 |    33 ||    58

Table legend: (Time is in decaauts)
 A = Elapsed time spent in this place.
 B = Non-inter-level travel time spent in this place.
 C = Inter-level travel time spent in this place.
 D = Time resting spent in this place.
 E = Time spent auto-exploring this place.
 F = Levels seen in this place.
 G = Mean time per level.
                   A        B        C        D        E       F      G
               +--------+--------+--------+--------+--------+-----+--------+
         Total |   3838 |   3673 |    165 |    134 |   2940 |   5 |  767.6 |
       Dungeon |   3838 |   3673 |    165 |    134 |   2940 |   5 |  767.6 |
               +--------+--------+--------+--------+--------+-----+--------+

Top non-repeatable levels by time:
     D:4: 1173 daAuts
     D:3: 940 daAuts
     D:2: 913 daAuts
     D:1: 798 daAuts
     D:5: 13 daAuts
